[Event "Chinese Championship-B Men 2024"]
[Site "Liaocheng"]
[Date "2024.04.25"]
[Round "9.12"]
[White "Zhang, Zhi"]
[Black "Cheng, Zihan"]
[Result "1/2-1/2"]
[ECO "A30"]
[WhiteElo "1987"]
[BlackElo "1819"]
[Annotator "TA"]
[PlyCount "87"]
[EventDate "2024.04.24"]
[EventType "swiss"]
[EventCountry "CHN"]
[SourceTitle "playchess.com"]
[Source "ChessBase"]
[SourceQuality "1"]
[TimeControl "5400+30"]

1. d4 Nf6 2. Nf3 g6 3. g3 b6 4. Bg2 Bb7 5. O-O c5 6. c4 cxd4 7. Qxd4 Bg7 8. Nc3 O-O 9. Qh4 Na6 10. Bh6 Nc5 11. Bxg7 Kxg7 12. Rfd1 {[%emt 0:00:02] White has an edge.} Nce4 13. Nd5 (13. Nxe4 {simplifies} Bxe4 14. Ne1 Bxg2 15. Nxg2 d6 16. Qd4) 13... Rb8 (13... e6 $11 {remains equal.} 14. Nxf6 Qxf6) 14. Rac1 {[%emt 0:09:54] White has more active pieces.} (14. Nd4 $16 e6 15. Bxe4 exd5 16. cxd5) 14... e6 $11 15. Nxf6 Qxf6 16. Qxf6+ (16. Rxd7 Qxb2 17. Qf4 Nf6 $15) 16... Nxf6 17. Rd6 Rfc8 18. Ne5 Bxg2 19. Kxg2 Rb7 20. Rcd1 b5 21. b3 bxc4 22. Nxc4 Rcc7 23. R1d4 Ne8 24. Ra6 d5 25. Ne5 Nf6 26. f3 Nd7 27. Nxd7 Rxd7 {[%emt 0:00:01][%mdl 4096] Endgame. KRR-KRR} 28. f4 Rdc7 29. Kf3 Rc3+ 30. e3 Rbc7 31. Rd2 h5 32. h3 Rd7 33. Kf2 Rdc7 34. g4 h4 35. f5 exf5 ({Much weaker is} 35... gxf5 36. gxf5 exf5 37. Rxd5 $11) (35... Rc2 $1 $15 36. Ke2 gxf5 (36... exf5 37. gxf5 gxf5 38. Ra4 $11) 37. gxf5 e5 (37... exf5 38. Ra4 $11)) 36. gxf5 {[%emt 0:00:02] The position is equal.} gxf5 37. Rxd5 f4 38. Rg5+ Kf8 39. Re5 Rd7 40. Rh6 Rd2+ 41. Kf3 fxe3 42. Rxe3 Rxe3+ 43. Kxe3 Rxa2 44. Ke4 {[%emt 0:10:17] Weighted Error Value: White=0.09 (flawless) /Black=0.09 (flawless) .  Mistake:       	White=1     	Black=2      Inaccurate:     	White=2     	Black=1      OK:         	White=13    	Black=13     Best:        	White=1     	Black=2} 1/2-1/2

[Event "Chinese Championship-B Men 2024"]
[Site "Liaocheng"]
[Date "2024.04.25"]
[Round "9.13"]
[White "Liu, Bei"]
[Black "Ye, Fan(Zj)"]
[Result "1-0"]
[ECO "A61"]
[WhiteElo "1964"]
[BlackElo "1899"]
[Annotator "NA RC"]
[PlyCount "73"]
[EventDate "2024.04.24"]
[EventType "swiss"]
[EventCountry "CHN"]
[SourceTitle "playchess.com"]
[Source "ChessBase"]
[SourceQuality "1"]
[TimeControl "5400+30"]

1. d4 Nf6 2. c4 e6 3. Nf3 c5 4. d5 exd5 5. cxd5 d6 6. Nc3 g6 7. h3 Bg7 8. Bf4 O-O 9. e3 Nh5 10. Bh2 f5 11. Be2 f4 12. O-O Qe7 13. Re1 (13. Qc2 $16) 13... Nd7 (13... fxe3 $14 14. Bf1 exf2+ 15. Kxf2 Qf7) 14. Kh1 a6 15. a4 (15. Ng1 $16) 15... Kh8 (15... fxe3 $11 16. Bd3 Bd4) 16. a5 (16. Ng1 $16) 16... Rb8 (16... fxe3 $14 17. Bf1 Bh6) 17. Nd2 $16 Bxc3 18. bxc3 Nhf6 19. exf4 Qf7 20. c4 b5 21. axb6 Nxb6 22. f5 Ne8 23. Ne4 Qc7 24. fxg6 hxg6 25. Bd3 Bf5 26. Rxa6 Bxe4 27. Rxe4 Rxf2 28. Qe1 Qf7 29. Rxb6 Rxb6 30. Rxe8+ Kg7 31. Re7 Rb3 32. Bxd6 Rxd3 33. Qxf2 Rd1+ 34. Kh2 Qxe7 35. Bxe7 g5 36. Qf6+ Kh7 37. Qf7+ 1-0

[Event "Chinese Championship-B Men 2024"]
[Site "Liaocheng"]
[Date "2024.04.25"]
[Round "9.14"]
[White "Jin, Ruijun"]
[Black "Wang, Fan"]
[Result "1-0"]
[ECO "D55"]
[WhiteElo "1819"]
[BlackElo "1932"]
[Annotator "NA RC"]
[PlyCount "65"]
[EventDate "2024.04.24"]
[EventType "swiss"]
[EventCountry "CHN"]
[SourceTitle "playchess.com"]
[Source "ChessBase"]
[SourceQuality "1"]
[TimeControl "5400+30"]

1. d4 d5 2. c4 e6 3. Nc3 Nf6 4. Bg5 Be7 5. Nf3 h6 6. Bxf6 Bxf6 7. e3 O-O 8. Rc1 c6 9. h4 {[%emt 0:00:24] D55: Queen's Gambit Declined: 4 Bg5 Be7: Lines without ...h6 and 6...h6 7 Bxf6.} Nd7 10. g4 g6 11. g5 hxg5 12. hxg5 Bxg5 13. Nxg5 Qxg5 14. f4 Qg3+ 15. Kd2 c5 16. Kc2 (16. cxd5 $2 {perishes.} cxd4 17. exd4 Qxf4+ 18. Kc2 exd5 $19) (16. Rh3 $1 $11 {remains equal.} Qf2+ 17. Be2) 16... Nf6 ({Better is} 16... Qxe3 $15 17. Qg4 Qxd4 (17... cxd4 $2 {is the wrong capture.} 18. Qh4 $18) 18. cxd5 Nf6 (18... exd5 $2 {too greedy.} 19. Qh4 $18)) 17. Rh3 Qf2+ (17... Qg4 $1 $11) 18. Kb1 e5 19. Rf3 Bf5+ (19... Qh2 $16) 20. Ka1 Qg1 21. fxe5 $18 ({Not} 21. dxe5 Ne4 $16 (21... d4 $2 22. exd4 Nh5 23. Ne2 $18)) 21... Ne4 22. Rxf5 gxf5 23. Nxe4 dxe4 24. Rc2 Qh1 25. Rg2+ Kh7 26. Qe2 Rh8 27. Rh2+ Qxh2 28. Qxh2+ Kg7 29. Qf4 Rh5 30. a3 Kg6 31. Bg2 Rd8 32. Bxe4 fxe4 33. Qf6+ 1-0

[Event "Chinese Championship-B Men 2024"]
[Site "Liaocheng"]
[Date "2024.04.25"]
[Round "9.15"]
[White "Xu, Wei"]
[Black "Qu, Haoming"]
[Result "0-1"]
[ECO "A04"]
[WhiteElo "2047"]
[BlackElo "1786"]
[Annotator "TA"]
[PlyCount "62"]
[EventDate "2024.04.24"]
[EventType "swiss"]
[EventCountry "CHN"]
[SourceTitle "playchess.com"]
[Source "ChessBase"]
[SourceQuality "1"]
[TimeControl "5400+30"]

1. Nf3 d6 2. b3 e5 3. e4 Nf6 4. Nc3 Be7 5. d4 exd4 6. Nxd4 O-O 7. Be2 Re8 8. O-O {[%emt 0:00:11] The position is equal.} c6 9. Bb2 Bf8 10. Bf3 Nbd7 11. Re1 Ne5 12. Be2 Qc7 13. Qd2 Bd7 14. Nf5 (14. f4 $11 Ng6 15. Bd3) 14... Bxf5 $1 $17 15. exf5 d5 16. h3 Bc5 17. Qg5 ({Better is} 17. Rad1) 17... a6 18. Rad1 Rad8 19. Qh4 Ba7 20. Bc1 Bb8 (20... Qc8 $17 21. g4 d4) 21. f4 Ned7 22. Bf3 Nc5 23. g4 {[%emt 0:02:24] [#]} Nce4 $2 (23... Qa5 $1 $17 24. Bb2 Nce4 (24... Bxf4 25. g5 $15) 25. Bxe4 (25. Nxe4 $2 dxe4 26. Rxd8 Qxd8 $19) 25... dxe4 26. Rxd8 (26. Nxe4 $2 Rxe4 27. Rxd8+ Qxd8 $19) 26... Rxd8 (26... Qxd8 27. Qf2 $17)) 24. Bxe4 $1 $14 dxe4 25. Be3 {[%emt 0:02:34] Prevents Ba7.} (25. Nxe4 $14 Rxd1 26. Nxf6+ gxf6 27. Rxd1) 25... Qa5 $15 26. Ne2 {[%emt 0:03:55] [#] Loses the game.} ({White should try} 26. Rxd8 $15 Rxd8 27. Na4) 26... Nd5 (26... Qxa2 27. Rxd8 Rxd8 28. g5 $11) ({Black should play} 26... Rxd1 $1 $19 27. Rxd1 Qxa2) 27. Bd4 (27. Qf2 $17 {keeps fighting.}) 27... Nxf4 (27... Bxf4 28. c4 Be3+ 29. Bxe3 Nxe3 30. Rxd8 Qxd8 (30... Rxd8 31. b4 $15) 31. Qxd8 Rxd8 32. Nf4 $11) 28. Nxf4 Bxf4 29. g5 $2 (29. Qf2 {was the only chance.} c5 30. Be3 (30. Bxg7 $2 Rxd1 31. Rxd1 e3 $19) 30... Bxe3 31. Qxe3) 29... Qxf5 $19 {[%emt 0:01:00][%cal Oe4e3] And now ...e3! would win. Black is clearly winning.} 30. Kh1 (30. Qg4 $142 Qxg5 31. Qxg5 Bxg5 32. Kf1) 30... e3 {[%emt 0:00:42][%cal Oe3e2] ( -> ...e2!)} 31. Kg1 Qe4 {[%emt 0:00:18] Weighted Error Value: White=0.98/Black=0.24 (precise) .  Loses game:     	White=1     	---        Mistake:       	White=6     	Black=3      Inaccurate:     	White=3     	---        OK:         	White=3     	Black=8      Best:        	---       	Black=1      Strong:       	White=1     	Black=1} 0-1

[Event "Chinese Championship-B Men 2024"]
[Site "Liaocheng"]
[Date "2024.04.25"]
[Round "10.1"]
[White "Zhang, Ziji"]
[Black "Meng, Yihan"]
[Result "1/2-1/2"]
[ECO "D27"]
[WhiteElo "2392"]
[BlackElo "2042"]
[Annotator "TA"]
[PlyCount "60"]
[EventDate "2024.04.24"]
[EventType "swiss"]
[EventCountry "CHN"]
[SourceTitle "playchess.com"]
[Source "ChessBase"]
[SourceQuality "1"]
[TimeControl "5400+30"]

1. d4 d5 2. c4 dxc4 3. Nf3 Nf6 4. e3 e6 5. Bxc4 c5 6. O-O a6 7. dxc5 Qxd1 8. Rxd1 Bxc5 9. Be2 O-O 10. Ne5 Nbd7 11. Nc4 Rd8 12. Nc3 b5 13. Na5 {[%emt 0:04:48] [#] And now Bf3 would win.} Re8 (13... Rf8 $14) 14. Bd2 {[%emt 0:16:54] White is more active.} Bb6 15. b4 Bxa5 16. bxa5 Bb7 17. a4 b4 18. Na2 b3 19. Rdb1 Nc5 20. Nb4 Red8 21. Be1 Nfd7 22. Bc4 Ne5 23. Bxb3 Nxb3 24. Rxb3 Nc4 25. Na2 Bd5 26. Rbb1 Rab8 (26... f6 $11) 27. Bb4 ({White should play} 27. Rxb8 $16 Rxb8 28. Nb4) 27... Nxa5 $11 {[%emt 0:02:08] The position is equal.} 28. Bxa5 Rxb1+ 29. Rxb1 Bxa2 30. Bxd8 Bxb1 {[%emt 0:00:04] Weighted Error Value: White=0.14 (very precise) /Black=0.17 (very precise) .  Mistake:       	White=1     	Black=2      Inaccurate:     	White=3     	Black=2      OK:         	White=7     	Black=7      Best:        	---       	Black=2} 1/2-1/2

[Event "Chinese Championship-B Men 2024"]
[Site "Liaocheng"]
[Date "2024.04.25"]
[Round "10.2"]
[White "Chen, Zimu(Js)"]
[Black "Zhang, Di"]
[Result "1/2-1/2"]
[ECO "D94"]
[WhiteElo "2075"]
[BlackElo "2303"]
[Annotator "TA"]
[PlyCount "60"]
[EventDate "2024.04.24"]
[EventType "swiss"]
[EventCountry "CHN"]
[SourceTitle "playchess.com"]
[Source "ChessBase"]
[SourceQuality "1"]
[TimeControl "5400+30"]

1. d4 d5 2. c4 c6 3. Nf3 Nf6 4. e3 g6 5. Nc3 Bg7 6. Be2 O-O 7. O-O dxc4 8. Bxc4 Bg4 9. h3 Bxf3 10. Qxf3 Nbd7 11. Rd1 e5 12. d5 e4 13. Nxe4 Ne5 14. Nxf6+ Bxf6 15. Qe2 {[%emt 0:00:05] [#] Threatens to win with dxc6.} Nxc4 {[%emt 0:00:09] White is slightly better.} 16. Qxc4 cxd5 17. Rxd5 Qc8 18. Qd3 Re8 19. e4 Qe6 20. Be3 Qxe4 21. Qxe4 {The position is equal.} Rxe4 22. Rb5 b6 23. a4 Re5 24. Rxe5 Bxe5 25. a5 bxa5 26. Rxa5 Bxb2 27. Rxa7 Rxa7 28. Bxa7 $11 {[%emt 0:00:04] KB-KB} h5 29. g4 hxg4 30. hxg4 f5 {[%emt 0:00:26] Weighted Error Value: White=0.03 (flawless) /Black=0.01 (flawless) .  Inaccurate:     	White=1     	---        OK:         	White=6     	Black=8      Best:        	White=1     	Black=2} 1/2-1/2

[Event "Chinese Championship-B Men 2024"]
[Site "Liaocheng"]
[Date "2024.04.25"]
[Round "10.3"]
[White "Xie, Kaifan"]
[Black "Gong, Changda"]
[Result "1/2-1/2"]
[ECO "D10"]
[WhiteElo "2393"]
[BlackElo "2170"]
[Annotator "TA"]
[PlyCount "73"]
[EventDate "2024.04.24"]
[EventType "swiss"]
[EventCountry "CHN"]
[SourceTitle "playchess.com"]
[Source "ChessBase"]
[SourceQuality "1"]
[TimeControl "5400+30"]

1. d4 d5 2. c4 c6 3. cxd5 cxd5 4. Bf4 Nf6 5. e3 Nc6 6. Nc3 a6 7. Be2 Bf5 8. Nf3 Nh5 9. Be5 {[%emt 0:20:02] [#] And now Nh4 would win.} e6 {[%emt 0:00:00] The position is equal.} 10. O-O Be7 11. h3 {[%emt 0:04:09] g4 is the strong threat.} Nf6 12. Bh2 O-O 13. Rc1 Rc8 14. Bd3 Bxd3 15. Qxd3 b5 16. Ne2 Ne4 17. a3 Qb6 18. Nd2 Nxd2 19. Qxd2 Na5 {[%emt 0:00:00] [#] Strongly threatening ...Nb3.} 20. Rxc8 Rxc8 21. Rc1 Nc4 22. Qc2 Ra8 23. Nc3 h6 24. Bg3 Ra7 25. Ne2 Ra8 26. Nc3 Rc8 27. Ne2 Qb7 28. Nf4 a5 29. Nd3 a4 30. Qd1 Nb6 31. Bf4 Rc4 32. Ne5 (32. Rb1 $11) 32... Rxc1 $15 33. Qxc1 Nc4 34. Qc2 Qa6 35. Qc3 Qb7 36. Qc2 Bf8 37. Bg3 {[%emt 0:00:59] Weighted Error Value: White=0.07 (flawless) /Black=0.08 (flawless) .  Mistake:       	White=1     	---        Inaccurate:     	White=3     	Black=3      OK:         	White=10    	Black=13     Best:        	White=1     	Black=1} 1/2-1/2

[Event "Chinese Championship-B Men 2024"]
[Site "Liaocheng"]
[Date "2024.04.25"]
[Round "10.4"]
[White "Wu, Yixing"]
[Black "Pan, Shi Tian Yu"]
[Result "1/2-1/2"]
[ECO "E28"]
[WhiteElo "2348"]
[BlackElo "2166"]
[Annotator "TA"]
[PlyCount "80"]
[EventDate "2024.04.24"]
[EventType "swiss"]
[EventCountry "CHN"]
[SourceTitle "playchess.com"]
[Source "ChessBase"]
[SourceQuality "1"]
[TimeControl "5400+30"]

1. d4 Nf6 2. c4 e6 3. Nc3 Bb4 4. e3 O-O 5. a3 Bxc3+ 6. bxc3 c5 7. Ne2 (7. Nf3 $11) 7... d6 8. Ng3 Nc6 {[%emt 0:01:17] Black is slightly better.} 9. e4 e5 ({Black should try} 9... b6 $15) 10. d5 $14 Na5 11. Bd3 Nd7 12. Rb1 f6 13. Qe2 Rf7 14. h4 Nf8 15. h5 b6 16. f3 Qe8 17. Rh4 h6 18. Kf2 Nh7 19. Nf5 Bxf5 20. exf5 Re7 21. Bc2 Qd7 22. Be3 Kf7 {[%emt 0:01:05] Black is weak on the light squares} (22... Qc8 {simplifies} 23. Qd3 Ng5 24. Bxg5 fxg5 25. Rhh1 Qa6) 23. Rb5 Rh8 24. Rh1 Rc8 25. Bd2 Rh8 26. Qe4 Ng5 27. Bxg5 hxg5 28. Bd3 Rh6 29. Bc2 Qd8 30. Bd3 Re8 31. Qe2 Reh8 32. Rhb1 $2 (32. g4 $11 {and White stays safe.}) 32... Qc7 $2 ({Black should play} 32... Rxh5 $19 {...Qe8 would now be deadly.} 33. Rxa5 bxa5 34. Rb7+ Kg8) 33. g4 $11 {[%emt 0:00:28] The position is equal.} Rb8 34. Qb2 {[%emt 0:00:37][%cal Ob5a5] [#] aiming for Rxa5!} Rhh8 35. Ke3 Nb7 36. Ke4 Na5 37. Be2 Nb7 38. Bd1 $1 {[%emt 0:00:35] Active counter play!} Na5 39. Qe2 Kg8 40. Ba4 Kh7 {[%emt 0:00:59] Weighted Error Value: White=0.13 (very precise) /Black=0.16 (very precise) .  Loses game:     	White=1     	---        Missed win:     	---       	Black=1      Mistake:       	White=1     	Black=1      Inaccurate:     	White=3     	Black=3      OK:         	White=8     	Black=8      Best:        	White=2     	Black=1      Strong:       	White=1     	---} 1/2-1/2

[Event "Chinese Championship-B Men 2024"]
[Site "Liaocheng"]
[Date "2024.04.25"]
[Round "10.5"]
[White "Yu, Chaojie"]
[Black "Wang, Zihang"]
[Result "1/2-1/2"]
[ECO "B12"]
[WhiteElo "2047"]
[BlackElo "1846"]
[Annotator "NA RC"]
[PlyCount "72"]
[EventDate "2024.04.24"]
[EventType "swiss"]
[EventCountry "CHN"]
[SourceTitle "playchess.com"]
[Source "ChessBase"]
[SourceQuality "1"]
[TimeControl "5400+30"]

1. e4 c6 2. d4 d5 3. e5 c5 4. dxc5 e6 5. Be3 Nd7 6. Bb5 {[%emt 0:10:09] B12: Caro-Kann: Advance Variation.} Ne7 7. Bd4 Nc6 8. Bxc6 bxc6 9. b4 a5 10. c3 Qg5 11. g3 Nxe5 12. f4 Qg6 13. fxe5 Qe4+ 14. Qe2 Qxh1 15. Nd2 axb4 $1 16. cxb4 Ba6 17. Qf2 Bd3 {[%emt 0:05:34] [#]} ({Better is} 17... Bb5 $14) 18. a4 ({White has to play} 18. O-O-O $1 $16 Rxa2 19. Re1) 18... Be4 19. b5 cxb5 20. axb5 Rxa1+ 21. Bxa1 Qg2 22. Qxg2 Bxg2 23. Bd4 Kd7 24. Nb3 Be7 25. Na5 Ra8 26. c6+ Kc8 27. Nb7 Kc7 28. Ne2 Bb4+ 29. Kf2 Be4 $19 30. Nc1 Ba3 31. Nb3 Bb4 32. N3c5 Bxc5 33. Nxc5 Ra5 34. Na6+ Kc8 35. b6 Rxa6 36. Bc5 Rxb6 1/2-1/2

[Event "Chinese Championship-B Men 2024"]
[Site "Liaocheng"]
[Date "2024.04.25"]
[Round "10.6"]
[White "Jin, Ruijun"]
[Black "Liu, Bei"]
[Result "1/2-1/2"]
[ECO "D30"]
[WhiteElo "1819"]
[BlackElo "1964"]
[Annotator "TA"]
[PlyCount "75"]
[EventDate "2024.04.24"]
[EventType "swiss"]
[EventCountry "CHN"]
[SourceTitle "playchess.com"]
[Source "ChessBase"]
[SourceQuality "1"]
[TimeControl "5400+30"]

1. d4 d5 2. c4 c6 3. Nf3 Nf6 4. e3 e6 5. Nbd2 Nbd7 6. Bd3 Bd6 7. O-O O-O 8. e4 e5 9. cxd5 cxd5 10. exd5 exd4 $1 11. Nc4 Nb6 12. Nxd6 Qxd6 13. Nxd4 Qxd5 {[%emt 0:00:43] [#]} (13... Nbxd5 $11 14. Nf5 Bxf5 15. Bxf5 Rfe8) 14. b3 $1 $14 Bg4 (14... Rd8 15. Bb2) 15. Qd2 Bh5 {[%emt 0:01:09] [#]} (15... Rfe8 $14) 16. Bb2 {[%emt 0:00:41] A strong pair of Bishops.} (16. Nf5 $1 $16 Kh8 17. Bb2) 16... Bg6 17. Rfe1 Bxd3 18. Qxd3 Rfe8 19. Rad1 Rxe1+ 20. Rxe1 Re8 21. Rxe8+ Nxe8 22. Qf5 Qxf5 {The position is equal.} 23. Nxf5 $11 {[%emt 0:00:10][%mdl 4096] Endgame. KBN-KNN} f6 24. Bd4 Nc8 25. f3 Kf7 26. Kf2 Ke6 27. Ne3 a6 28. Ke2 g6 29. g4 Ncd6 30. Kd3 Nc7 31. a4 f5 32. Bc5 Nf7 33. gxf5+ gxf5 34. Nc4 Nd5 35. Bd4 Ng5 36. Nd2 b5 37. axb5 axb5 38. Be3 {[%emt 0:00:32] Weighted Error Value: White=0.09 (flawless) /Black=0.09 (flawless) .  Mistake:       	White=1     	Black=2      Inaccurate:     	White=1     	---        OK:         	White=6     	Black=12     Best:        	---       	Black=1      Strong:       	White=1     	---} 1/2-1/2

[Event "Chinese Championship-B Men 2024"]
[Site "Liaocheng"]
[Date "2024.04.25"]
[Round "10.7"]
[White "Xie, Jianjun"]
[Black "Zhang, Yinzhe"]
[Result "0-1"]
[ECO "B50"]
[WhiteElo "2384"]
[BlackElo "1927"]
[Annotator "TA"]
[PlyCount "94"]
[EventDate "2024.04.24"]
[EventType "swiss"]
[EventCountry "CHN"]
[SourceTitle "playchess.com"]
[Source "ChessBase"]
[SourceQuality "1"]
[TimeControl "5400+30"]

1. e4 c5 2. Nf3 d6 3. c3 Nf6 4. Be2 Nbd7 5. d3 b6 6. O-O Bb7 7. Re1 g6 8. Bf1 Bg7 9. h3 c4 10. d4 {[%emt 0:00:30] The position is equal.} Nxe4 11. Bxc4 O-O 12. d5 Ndf6 13. a4 Rc8 14. Na3 Rc7 15. Qc2 Nc5 16. Nb5 Rd7 17. Nxa7 Nxd5 18. Nb5 Qa8 19. Qd1 Ne6 20. Ng5 Nxg5 21. Bxg5 e6 22. Bf1 Nf6 23. Ra3 (23. Nxd6 $2 Ne4 24. Qc2 (24. Bf4 $2 Nxd6 25. h4 Rfd8 $19) 24... Nxd6 $19 (24... Rxd6 $2 25. Bf4 $19) (24... Nxg5 $2 25. Nxb7 h5 26. Bb5 $17)) 23... Ne4 24. Be3 Qd8 25. b4 f5 (25... e5 $11 {keeps the balance.}) 26. Bd3 ({Better is} 26. f3 $16 f4 27. Bd4) 26... d5 $15 27. f3 {[%emt 0:04:05][%cal Ob5d4] [#] Hoping for Nd4!} Nd6 (27... f4 $1 $15 28. Bc1 Qh4) 28. Nxd6 $14 Rxd6 29. Bd4 Qh4 30. Bb5 (30. Bxg7 {simplifies} Kxg7 31. Qe2 Kg8 32. a5) 30... Qg3 ({Black should play} 30... Ra8 $14) 31. Qd2 (31. Qe2 $16) 31... f4 $2 {[%emt 0:00:22] [#]} ({Not} 31... e5 $2 32. Bf2 Qf4 33. Qxf4 exf4 34. a5 $18) (31... Bh6 $1 $14 32. Be3 (32. Qxh6 Qxe1+ 33. Kh2 e5 $17) (32. Qf2 Bf4 $16) 32... Bxe3+ 33. Qxe3 Rfd8) 32. Qf2 $2 (32. a5 $18) 32... Bxd4 33. cxd4 Qxf2+ 34. Kxf2 Rc8 {[%emt 0:00:01] Inhibits Rc3.} 35. Raa1 Rc2+ 36. Re2 Rc3 37. Raa2 Bc6 38. Ba6 Bd7 (38... Rb3 $11) 39. b5 ({White should try} 39. Reb2 $1 $14) 39... Kf7 (39... Rc4 $15) 40. Rec2 Rc4 41. Rxc4 dxc4 $11 {[%emt 0:00:01][%mdl 4096] Endgame. KRB-KRB} 42. Rc2 Rxd4 {[%emt 0:00:12] Strongly threatening ...Ke7.} 43. a5 $1 Rd6 (43... bxa5 $5 44. b6 $8 Rd6 $16 (44... Bc6 45. b7 $16)) 44. Rxc4 bxa5 {[%emt 0:00:04] Threatens to win with ...e5.} 45. Rxf4+ Ke7 46. Ra4 $2 (46. Rc4 $11) 46... Rxa6 $19 47. Rg4 Rd6 {Black used his chance.   Weighted Error Value: White=0.45/Black=0.24 (precise) .  Loses game:     	White=1     	Black=1      Missed win:     	White=1     	---        Mistake:       	White=3     	Black=5      Inaccurate:     	White=6     	Black=2      OK:         	White=12    	Black=15     Best:        	---       	Black=3      Strong:       	White=1     	---} 0-1

[Event "Chinese Championship-B Men 2024"]
[Site "Liaocheng"]
[Date "2024.04.25"]
[Round "10.8"]
[White "Jiang, Haochen"]
[Black "Yang, ZiLong"]
[Result "1-0"]
[ECO "B14"]
[WhiteElo "2381"]
[BlackElo "1918"]
[Annotator "TA"]
[PlyCount "74"]
[EventDate "2024.04.24"]
[EventType "swiss"]
[EventCountry "CHN"]
[SourceTitle "playchess.com"]
[Source "ChessBase"]
[SourceQuality "1"]
[TimeControl "5400+30"]

1. d4 Nf6 2. c4 e6 3. Nc3 c5 4. e3 cxd4 5. exd4 d5 6. Nf3 Nc6 7. c5 Be7 8. a3 O-O 9. b4 Ne4 10. Bb2 Bf6 {[%emt 0:01:35] The position is equal.} 11. b5 Ne7 12. Bd3 Nxc3 13. Bxc3 Ng6 {[%emt 0:00:13] White now steadily converts the win.} 14. O-O Bd7 15. Re1 Re8 16. g3 {[%emt 0:12:44] White is more active.} Qc7 17. Rc1 Rac8 (17... a6 $142) 18. a4 Be7 (18... a6 $16 {was necessary.} 19. h4 (19. bxa6 Ra8 $16) 19... axb5) 19. h4 Red8 (19... Bf6 $142 20. h5 Nf8) 20. Bd2 Be8 21. h5 Nf8 22. Bf4 Qa5 23. Nd2 {[%emt 0:01:54] [#] Strongly threatening Nb3.} e5 $2 (23... Rd7 {is tougher.} 24. h6 Bf6) 24. Nb3 $18 {[%emt 0:02:48] White is clearly winning.} ({Less strong is} 24. dxe5 Rxc5 25. Rxc5 Bxc5 $16) 24... Qc7 25. Rxe5 Qd7 26. Bf5 Ne6 27. Qg4 Kh8 28. Rxe6 fxe6 {[%emt 0:00:15] Black is weak on the dark squares} 29. Bxe6 Bxh5 30. Bxd7 ({Weaker is} 30. Qxh5 Qxe6 31. Na5 Rd7 $16) 30... Bxg4 31. Bxg4 Ra8 32. c6 bxc6 33. bxc6 h5 34. Bh3 Ba3 35. Rc2 Bd6 36. Bxd6 Rxd6 37. c7 Re8 {[%emt 0:01:59] Weighted Error Value: White=0.15 (very precise) /Black=0.52.  Mistake:       	---       	Black=4      Inaccurate:     	White=1     	Black=4      OK:         	White=6     	Black=4      Best:        	White=1     	---} 1-0

[Event "Chinese Championship-B Men 2024"]
[Site "Liaocheng"]
[Date "2024.04.25"]
[Round "10.9"]
[White "Jiang, Qinyu"]
[Black "Liu, Meng"]
[Result "1/2-1/2"]
[ECO "B90"]
[WhiteElo "2319"]
[BlackElo "1877"]
[Annotator "TA"]
[PlyCount "54"]
[EventDate "2024.04.24"]
[EventType "swiss"]
[EventCountry "CHN"]
[SourceTitle "playchess.com"]
[Source "ChessBase"]
[SourceQuality "1"]
[TimeControl "5400+30"]

1. e4 c5 2. Nf3 d6 3. d4 cxd4 4. Nxd4 Nf6 5. Nc3 a6 6. Be3 e5 7. Nb3 Be6 8. f3 h5 9. Nd5 Bxd5 10. exd5 Nbd7 11. Qd2 {[%emt 0:00:01] White has an edge.} Qc7 12. O-O-O g6 13. Kb1 Bg7 14. Rg1 (14. h3 $5) 14... O-O 15. g4 hxg4 16. fxg4 Nb6 $1 17. Qa5 Rfc8 18. c3 {[%emt 0:00:02] Active counter play!} Nc4 19. Qxc7 Rxc7 20. Bc1 Nb6 21. Na5 Re8 (21... Nbxd5 $2 {is the wrong capture.} 22. g5 Nxc3+ 23. bxc3 $18) (21... Nfxd5 $5 22. Bg2 Nf4 $16) 22. c4 Nfd7 23. g5 e4 24. Be3 Na4 25. Rg2 Ne5 26. Rc2 (26. Bf4 $5) 26... b6 27. Nb3 Rec8 {[%emt 0:02:49] Weighted Error Value: White=0.07 (flawless) /Black=0.02 (flawless) .  Inaccurate:     	White=2     	---        OK:         	White=9     	Black=10     Strong:       	---       	Black=1} 1/2-1/2